 Dungeon Sprint DCSS version 0.26-a0-661-g406de6ba63 (webtiles) character file.

Game seed: 16452135883009698585

41705 olmar the Barachian Blade (level 14, -31/135 HPs)
             Began as a Barachi Fighter on Oct 8, 2020.
             Was an Initiate of Gozag.
             Killed from afar by Boris (39 damage)
             ... with an iron shot
             ... while petrified by a lich
             ... in the Dungeon (Sprint VII: "The Pits").
             The game lasted 00:17:01 (5841 turns).

olmar the Barachian Blade (Barachi Fighter)         Turns: 5841, Time: 00:17:02

Health: -31/135    AC: 33    Str: 25    XL:     14   Next: 16%
Magic:  14/14      EV:  2    Int:  8    God:    Gozag
Gold:   3473       SH:  0    Dex: 18    Spells: 13/13 levels left

rFire    + + +     SeeInvis .   o - +9 long sword "Plog" {drain, Dex+5}
rCold    + + +     Faith    .   c - +0 kite shield
rNeg     + + +     Spirit   .   I - +2 gold dragon scales
rPois    ∞         Reflect  .   J - +1 helmet
rElec    +         Harm     +   r - scarf {harm}
rCorr    +         Rampage  .   K - +1 pair of gloves
MR       +....     NoTele   +   L - +1 pair of boots
Stlth    ..........             E - amulet of the acrobat
HPRegen  0.32/turn              v - ring of Nihilism {+Inv rElec rF+ rC+}
MPRegen  0.14/turn              a - +3 ring of strength

@: mighty, resistant, petrified, stab, very slightly contaminated, hasted,
studying Conjurations, invisible, slow
A: +LOS, swims, slowness 1, strong legs 2
a: Hop, Potion Petition, Call Merchant, Bribe Branch, Renounce Religion


You were in the Dungeon.
You worshipped Gozag.
Gozag was most pleased with you.
You visited 1 branch You collected 9885 gold pieces.
You spent 2347 gold pieces at shops.
You paid 4065 gold pieces to Gozag.

Inventory:

Hand Weapons
 f - a +1 long sword of flaming
 k - the +7 long sword "Rotais" {freeze, rPois rC- Dex+7 SInv}
   (You bought it in a shop in the Dungeon)

   It has been specially enchanted to freeze those struck by it, causing extra
   injury to most foes and up to half again as much damage against particularly
   susceptible opponents.
   It can also slow down cold-blooded creatures.
   It affects your dexterity (+7).
   It makes you vulnerable to cold.
   It protects you from poison.
   It lets you see invisible.
 l - the +5 falchion "Micwi" {pain, Str+4}
   (You found it in the Dungeon)

   In the hands of one skilled in necromantic magic, it inflicts extra damage on
   living creatures.
   It affects your strength (+4).
 o - the +9 long sword "Plog" (weapon) {drain, Dex+5}
   (You found it in the Dungeon)

   A truly terrible weapon, it drains the life of those it strikes.
   It affects your dexterity (+5).
 s - a +2 scimitar of holy wrath
 H - the +9 great sword of Uskayaw {venom, *Corrode rElec Int+6}
   (You bought it in a shop in the Dungeon)

   It poisons the flesh of those it strikes.
   It affects your intelligence (+6).
   It insulates you from electricity.
   It may corrode you when you take damage.
Missiles
 G - 4 silver boomerangs (quivered)
Armour
 c - a +0 kite shield (worn)
 r - a scarf of harm (worn)
 I - +2 gold dragon scales (worn)
 J - a +1 helmet (worn)
 K - a +1 pair of gloves (worn)
 L - a +1 pair of boots (worn)
Jewellery
 a - a +3 ring of strength (right hand)
 b - a +3 ring of protection
 v - the ring of Nihilism (left hand) {+Inv rElec rF+ rC+}
   (You bought it in a shop in the Dungeon)

   [ring of protection from cold]

   It protects you from fire.
   It protects you from cold.
   It insulates you from electricity.
   It lets you turn invisible.
 B - an uncursed ring of see invisible
 C - an uncursed ring of protection from magic
 E - an amulet of the acrobat (around neck)
 F - an uncursed ring of fire
Scrolls
 m - 6 scrolls of remove curse
 n - 5 scrolls of amnesia
 u - 3 scrolls of enchant armour
 w - 2 scrolls of fear
 y - 3 scrolls of enchant weapon
 A - 2 scrolls of fog
Potions
 d - a potion of brilliance
 g - a potion of haste
 h - 4 potions of magic
 i - 4 potions of berserk rage
 q - 2 potions of mutation
 x - a potion of stabbing {unknown}
 z - a potion of resistance
Books
 D - a manual of Conjurations
Miscellaneous
 j - a condenser vane (2/2)


   Skills:
 + Level 20.1 Fighting
 + Level 21.5 Long Blades
 + Level 19.6 Armour
 + Level 4.9 Dodging
 + Level 20.7 Shields
 + Level 7.3 Evocations


You had 13 spell levels left.
You didn't know any spells.
Your spell library was empty.

Dungeon Overview and Level Annotations

Branches:
Dungeon (1/1)

Altars:
Ashenzari
Cheibriados
Dithmenos
Elyvilon
Fedhas
Gozag
Hepliaklqana
Kikubaaqudgha
Makhleb
Nemelex Xobeh
Okawaru
Qazlal
Ru
Sif Muna
Trog
Uskayaw
Vehumet
Wu Jian
Xom
Yredelemnul
Zin
The Shining One
Beogh
Jiyva
Lugonu

Shops:
D ((*

Annotations:
D Boris, Prince Ribbit


Innate Abilities, Weirdness & Mutations

You can be seen from farther away. (+LOS)
You can swim through water.
You cover ground slowly.
You can hop long distances.


Message History

The lich touches you but does no damage.
Something hits you but does no damage.
Something touches you but does no damage.
You hear a chilling moan.
The lich completely misses you.
The lich touches you but does no damage.
Something hits you but does no damage.
Something touches you but does no damage.
The lich touches you.
* * * LOW HITPOINT WARNING * * *
The lich launches a ball of destructive magic.
The wavering orb of destruction weakly hits you!
* * * LOW HITPOINT WARNING * * *
The green draconian stormcaller is no longer distracted by gold.
The lich touches you but does no damage.
You hear some strange, mumbled words.
An iron shot appears from out of thin air!
The iron shot hits you!!!
You die...
Your body crumbles into a pile of gold.

...#....#.....#..#
.###....####..#..#
..)........'..#..#
...)....####..#..#
..####.)#.....#..#
..#((#).#[[#.[#..#
.##(('..#.[#.[#..#
###############§§#
#L@# #eL{# #N☼§##
#$§q## .○§§#
§§#§☼§ § ##.. ☼☼.
○§


You could see a green draconian stormcaller (slow), a nagaraja (fast), 2 liches
and a ghostly deep elf death mage.

Vanquished Creatures
  A lich (D)
  A sphinx (D)
  A deep elf sorcerer (D)
  2 orc warlords (D)
  A draconian shifter (D)
  An emperor scorpion (D)
  A black draconian (D)
  A white draconian (D)
  A green draconian (D)
  A great orb of eyes (D)
  2 vault guards (D)
  A hydra (D)
  A hell beast (D)
  A deep troll shaman (D)
  4 deep elf knights (D)
  A soul eater (D)
  A sun demon (D)
  2 iron trolls (D)
  4 deep trolls (D)
  A sea snake (D)
  An unseen horror (D)
  12 orc knights (D)
  A lindwurm (D)
  A wolf spider (D)
  2 deep elf magi (D)
  A black mamba (D)
  A molten gargoyle (D)
  An orange demon (D)
  3 smoke demons (D)
  A cane toad (D)
  A gargoyle (D)
  2 kobold demonologists (D)
  A demonic crawler (D)
  A hellwing (D)
  A komodo dragon (D)
  2 ice devils (D)
  A guardian mummy (D)
  A tyrant leech (D)
  11 dream sheep (D)
  A blink frog (shapeshifter) (D)
  A redback (D)
  2 flying skulls (D)
  A spriggan (D)
  4 yaks (D)
  A fire elemental (D)
  A wraith (D)
  3 swamp drakes (D)
  An orc warrior (D)
  A black bear (D)
  A necrophage (D)
  2 eyes of draining (D)
  An ogre (D)
  4 wolves (D)
  4 big kobolds (D)
  Blork the orc (D)
  A gnoll sergeant (D)
  2 scorpions (D)
  A hound (D)
  An iron imp (D)
  3 worker ants (D)
  A mummy (D)
  4 gnolls (D)
  A river rat (D)
  An adder (D)
  An ooze (D)
  A worm (D)
  2 leopard geckos (D)
  3 orcs (D)
  A goblin (D)
  A hobgoblin (D)
  2 jackals (D)
  5 kobolds (D)
  A quokka (D)
  A frilled lizard (D)
  A quokka skeleton (D)
  2 rats (D)
139 creatures vanquished.

Vanquished Creatures (collateral kills)
  A flying skull (D)
  A hobgoblin (D)
2 creatures vanquished.

Vanquished Creatures (others)
  A lich (D)
  An orc knight (D)
2 creatures vanquished.

Grand Total: 143 creatures vanquished

Notes
Turn   | Place    | Note
-------+----------+-------------------------------------------
     0 | D        | olmar the Barachi Fighter began the quest for the Orb.
     0 | D        | Reached XP level 1. HP: 18/18 MP: 1/1
    40 | D        | Found a bloodstained altar of Trog.
    40 | D        | Found a shimmering blue altar of Sif Muna.
    40 | D        | Found a viscous altar of Jiyva.
    40 | D        | Found a hazy altar of Hepliaklqana.
    40 | D        | Found an opulent altar of Gozag.
    41 | D        | Found a glowing golden altar of the Shining One.
    41 | D        | Found a glowing silver altar of Zin.
    41 | D        | Found a basalt altar of Yredelemnul.
    41 | D        | Found a shimmering altar of Xom.
    41 | D        | Found an ornate altar of the Wu Jian Council.
    41 | D        | Found a radiant altar of Vehumet.
    41 | D        | Found a sacrificial altar of Ru.
    41 | D        | Found a stormy altar of Qazlal.
    41 | D        | Found an iron altar of Okawaru.
    41 | D        | Found a sparkling altar of Nemelex Xobeh.
    41 | D        | Found a burning altar of Makhleb.
    41 | D        | Found a corrupted altar of Lugonu.
    41 | D        | Found a blossoming altar of Fedhas.
    41 | D        | Found a white marble altar of Elyvilon.
    41 | D        | Found a shadowy altar of Dithmenos.
    41 | D        | Found a snail-covered altar of Cheibriados.
    41 | D        | Found a roughly hewn altar of Beogh.
    42 | D        | Found a hide-covered altar of Uskayaw.
    42 | D        | Found an ancient bone altar of Kikubaaqudgha.
    42 | D        | Found a broken altar of Ashenzari.
    45 | D        | Became a worshipper of Gozag Ym Sagoz the Greedy
    56 | D        | Noticed a worker ant
    59 | D        | Reached XP level 2. HP: 23/26 MP: 2/2
    72 | D        | Reached skill level 5 in Fighting
    72 | D        | Reached skill level 3 in Long Blades
    72 | D        | Reached skill level 5 in Armour
    72 | D        | Reached skill level 5 in Shields
    72 | D        | Reached XP level 3. HP: 26/33 MP: 3/3
   147 | D        | Noticed a flying skull
   166 | D        | Killed a flying skull
   166 | D        | Reached skill level 4 in Long Blades
   166 | D        | Reached XP level 4. HP: 15/43 MP: 4/4
   166 | D        | Reached XP level 5. HP: 16/48 MP: 5/5
   438 | D        | Noticed a big kobold
   438 | D        | Noticed Blork the orc
   439 | D        | Noticed a wolf
   460 | D        | Killed a wolf
   460 | D        | Reached skill level 5 in Long Blades
   460 | D        | Reached skill level 1 in Dodging
   460 | D        | Reached XP level 6. HP: 36/56 MP: 6/6
   464 | D        | Reached skill level 6 in Long Blades
   479 | D        | Killed Blork the orc
   479 | D        | Reached skill level 7 in Long Blades
   650 | D        | Reached XP level 7. HP: 53/64 MP: 7/7
   744 | D        | Reached skill level 8 in Long Blades
   752 | D        | Reached skill level 10 in Armour
   762 | D        | Reached skill level 10 in Shields
   769 | D        | Noticed a deep elf mage
   769 | D        | Noticed a dream sheep
   785 | D        | Reached skill level 9 in Long Blades
   827 | D        | Killed a deep elf mage
   827 | D        | Reached skill level 10 in Fighting
   827 | D        | Reached skill level 10 in Long Blades
   827 | D        | Reached XP level 8. HP: 32/72 MP: 8/8
   828 | D        | Noticed a dream sheep
   829 | D        | Noticed a dream sheep
  1011 | D        | Noticed a dream sheep
  1023 | D        | Killed a dream sheep
  1023 | D        | Reached skill level 11 in Long Blades
  1035 | D        | Killed a dream sheep
  1050 | D        | Killed a dream sheep
  1050 | D        | Reached XP level 9. HP: 31/79 MP: 9/9
  1060 | D        | Reached skill level 12 in Long Blades
  1371 | D        | Noticed a smoke demon
  1371 | D        | Noticed a smoke demon
  1375 | D        | Killed a smoke demon
  1382 | D        | Killed a smoke demon
  1382 | D        | Reached skill level 13 in Long Blades
  1492 | D        | Bought a brightly glowing lapis lazuli ring for 155 gold
                  | pieces
  1492 | D        | Bought a scroll labeled MIAGIL VIUH for 31 gold pieces
  1492 | D        | Bought a white potion for 27 gold pieces
  1492 | D        | Bought a potion of curing for 93 gold pieces
  1494 | D        | Identified the ring of Nihilism {+Inv rElec rF+ rC+} (You
                  | bought it in a shop in the Dungeon)
  1521 | D        | Noticed Prince Ribbit
  1605 | D        | Noticed a lindwurm
  1611 | D        | Killed a lindwurm
  1611 | D        | Reached XP level 10. HP: 79/89 MP: 10/10
  1656 | D        | Noticed an orange demon
  1661 | D        | Reached skill level 14 in Long Blades
  1672 | D        | Killed an orange demon
  1683 | D        | Noticed a green draconian
  1715 | D        | Killed a green draconian
  1715 | D        | Reached skill level 15 in Long Blades
  1715 | D        | Reached skill level 15 in Shields
  2088 | D        | Killed an unseen horror
  2123 | D        | Noticed a wolf spider
  2151 | D        | Killed a wolf spider
  2250 | D        | Bought the +7 long sword "Rotais" {freeze, rPois rC- Dex+7
                  | SInv} for 1030 gold pieces
  2262 | D        | Noticed an eight-headed hydra
  2274 | D        | Killed a one-headed hydra
  2274 | D        | Reached XP level 11. HP: 49/98 MP: 0/11
  2573 | D        | Reached skill level 16 in Long Blades
  2738 | D        | Noticed a deep troll
  2745 | D        | Killed a deep troll
  2792 | D        | Reached skill level 15 in Armour
  2825 | D        | Noticed a sea snake
  2840 | D        | Killed a sea snake
  2969 | D        | Reached skill level 17 in Long Blades
  3165 | D        | Noticed a harpy
  3172 | D        | a harpy changed into a blink frog
  3323 | D        | Bought a translucent great sword for 391 gold pieces
  3330 | D        | Identified the +9 great sword of Uskayaw {venom, *Corrode
                  | rElec Int+6} (You bought it in a shop in the Dungeon)
  3382 | D        | Noticed a deep troll shaman
  3382 | D        | Noticed a deep troll
  3382 | D        | Noticed an iron troll
  3382 | D        | Noticed a deep troll
  3382 | D        | Noticed a deep troll
  3382 | D        | Noticed an iron troll
  3404 | D        | Upgraded the game from 0.26-a0-660-gc07710193c to
                  | 0.26-a0-661-g406de6ba63
  3433 | D        | Killed an iron troll
  3433 | D        | Reached XP level 12. HP: 59/108 MP: 10/12
  3436 | D        | Killed a deep troll shaman
  3436 | D        | Reached skill level 15 in Fighting
  3439 | D        | Reached skill level 1 in Evocations
  3448 | D        | Reached skill level 18 in Long Blades
  3457 | D        | Killed an iron troll
  3966 | D        | Noticed an orc warlord
  3967 | D        | Noticed an orc warlord
  4297 | D        | Reached skill level 19 in Long Blades
  4316 | D        | Killed an orc warlord
  4351 | D        | Bought a condenser vane (2/2) for 620 gold pieces
  4473 | D        | Killed an orc warlord
  4473 | D        | Gained mutation: You can hop long distances. [Barachi
                  | growth]
  4473 | D        | Reached XP level 13. HP: 63/121 MP: 13/13
  4512 | D        | Reached skill level 20 in Long Blades
  4735 | D        | Noticed an emperor scorpion
  4735 | D        | Noticed a great orb of eyes
  4752 | D        | Killed a great orb of eyes
  4755 | D        | Killed an emperor scorpion
  5224 | D        | Noticed a vault guard
  5235 | D        | Killed a vault guard
  5235 | D        | Reached skill level 5 in Evocations
  5319 | D        | Got the +5 falchion "Micwi" {pain, Str+4}
  5328 | D        | Got the +9 long sword "Plog" {drain, Dex+5}
  5351 | D        | Noticed a vault guard
  5363 | D        | Killed a vault guard
  5786 | D        | Noticed a white draconian
  5786 | D        | Noticed a lich
  5787 | D        | Noticed a green draconian shifter
  5787 | D        | Noticed a green draconian stormcaller
  5788 | D        | Noticed a sphinx
  5795 | D        | Killed a sphinx
  5799 | D        | Killed a green draconian shifter
  5799 | D        | Reached skill level 21 in Long Blades
  5800 | D        | Killed a white draconian
  5810 | D        | Noticed a Tzitzimitl
  5810 | D        | Killed a lich
  5810 | D        | Reached XP level 14. HP: 86/134 MP: 14/14
  5813 | D        | Noticed a deep elf sorcerer
  5814 | D        | Noticed a black draconian
  5815 | D        | Noticed a lich
  5817 | D        | Noticed Boris
  5819 | D        | Noticed a nagaraja
  5820 | D        | Killed a deep elf sorcerer
  5820 | D        | Noticed a lich
  5825 | D        | Noticed a lich
  5826 | D        | Killed a black draconian
  5833 | D        | Noticed a red draconian knight
  5835 | D        | Killed a lich
  5841 | D        | Killed from afar by Boris

Illustrated notes

Levels and vault maps discovered:
D:        pitsprint [storerooms_1, entrance_room_1, metal_vault_6, armoury_1,
          mini_pit_1, grid_room_1, main_hall_1, silver_pit, the_coven_1,
          the_vestibule_1, steel_vault_1, golden_pit, hallway_of_sentries,
          crystal_vault_1, iron_vault_2, final_vault]

Skill      XL: |  1  2  3  4  5  6  7  8  9 10 11 12 13 14 |
---------------+-------------------------------------------+-----
Fighting       | 4 5 7 8 9 10 11 13 14 17 19 20 | 20.1
Armour         | 4 5 7 8 9 10 11 12 13 15 17 19 | 19.6
Shields        | 4 5 7 8 9 11 12 14 16 18 20 | 20.7
Long Blades    | 3 4 5 7 10 11 13 15 17 19 21 | 21.5
Dodging        | 1 2 3 4 |  4.9
Evocations     | 3 6 7 |  7.3

Action                   |  1- 3 |  4- 6 |  7- 9 | 10-12 | 13-15 || total
-------------------------+-------+-------+-------+-------+-------++-------
Melee: Falchion          |    32 |    64 |   117 |       |       ||   213
       Long sword        |     3 |       |       |   247 |   116 ||   366
       Scimitar          |       |       |    79 |    45 |       ||   124
       Great sword       |       |       |       |    48 |       ||    48
Throw: Boomerang         |       |       |       |     1 |       ||     1
Invok: Call Merchant     |       |       |     2 |     1 |       ||     3
       Potion Petition   |       |       |       |       |     3 ||     3
 Abil: Hop               |       |       |       |     3 |     1 ||     4
       Evoke Invisibilit |       |       |       |     2 |     1 ||     3
Evoke: Condenser vane    |       |       |       |     1 |     9 ||    10
  Use: Potion            |     2 |     1 |     3 |    21 |     5 ||    32
       Scroll            |     1 |       |       |     2 |       ||     3
 Stab: Distracted        |       |       |     1 |       |     1 ||     2
       Invisible         |       |       |       |    16 |       ||    16
Armor: Scale mail        |    10 |     2 |       |       |       ||    12
       Plate armour      |       |    25 |    71 |   110 |    17 ||   223
       Gold dragon scale |       |       |       |       |    37 ||    37
Dodge: Dodged            |    15 |    10 |    39 |    95 |    25 ||   184
Block: Kite shield       |    22 |    28 |   119 |   151 |    63 ||   383
       Rpst.: Long sword |     3 |       |       |     8 |     8 ||    19
       Falchion          |     3 |     1 |     7 |       |       ||    11
       Scimitar          |       |       |     1 |     3 |       ||     4
       Great sword       |       |       |       |     3 |       ||     3

Table legend: (Time is in decaauts)
 A = Elapsed time spent in this place.
 B = Non-inter-level travel time spent in this place.
 C = Inter-level travel time spent in this place.
 D = Time resting spent in this place.
 E = Time spent auto-exploring this place.
 F = Levels seen in this place.
 G = Mean time per level.
                   A        B        C        D        E       F      G
               +--------+--------+--------+--------+--------+-----+--------+
         Total |   5925 |   5681 |    244 |   3342 |    308 |   1 | 5925.0 |
       Dungeon |   5925 |   5681 |    244 |   3342 |    308 |   1 | 5925.0 |
               +--------+--------+--------+--------+--------+-----+--------+

Top non-repeatable levels by time:
       D: 5925 daAuts
